 Dungeon Crawl Stone Soup version 0.31-a0-1098-g6898e6545c (webtiles) character file.

Game seed: 17619054774444411095

14522 gruber the Skirmisher (level 11, -1/87 HPs)
             Began as a Minotaur Hunter on Nov 30, 2023.
             Was a Priest of Hepliaklqana.
             Slain by a minotaur
             ... wielding a +3 hand axe of freezing
              (11 damage)
             ... in a Gauntlet.
             The game lasted 00:12:23 (10704 turns).

gruber the Skirmisher (Minotaur Hunter)            Turns: 10704, Time: 00:12:24

Health: -1/87      AC: 26    Str: 16    XL:     11   Next: 89%
Magic:  0/16       EV: 15    Int:  6    God:    Hepliaklqana [***...]
Gold:   400        SH:  0    Dex: 20    Spells: 10/10 levels left

rFire   + . .        w - +3 sling of the Little People {flame, rC- Will+ Stlth+}
rCold   x . .        (no shield)
rNeg    . . .        M - +4 scale mail of Minor Irritation {rF+ Dex+2}
rPois   .            (helmet restricted)
rElec   .            n - +0 cloak
rCorr   .            B - +0 pair of gloves
SInv    .            K - +2 pair of boots
Will    +....        J - amulet of guardian spirit
Stlth   ++           P - ring of the Tortoise {AC+8}
HPRegen 0.34/turn    a - +4 ring of slaying
MPRegen 0.15/turn

%: no teleportation, guardian spirit
@: no status effects
A: reduced essence, horns 2, retaliatory headbutt
a: Renounce Religion, Recall Ancestor, Ancestor Identity, Transference


You were in a Gauntlet.
You worshipped Hepliaklqana.
Hepliaklqana was most pleased with you.
You visited 1 branch of the dungeon, and saw 11 of its levels.
You also visited: Gauntlet.

You collected 752 gold pieces.
You spent 352 gold pieces at shops.

Inventory:

Hand Weapons
 w - the +3 sling of the Little People (weapon) {flame, rC- Will+ Stlth+}
   (You found it on level 4 of the Dungeon)

   rC-:       It makes you vulnerable to cold.
   Will+:     It increases your willpower.
   Stlth+:    It makes you more stealthy.
 x - a +2 whip of venom
 G - a +1 scimitar of flaming
 N - a +0 longbow of flaming
Missiles
 I - 4 throwing nets
Armour
 n - a +0 cloak (worn)
 B - a +0 pair of gloves (worn)
 K - a +2 pair of boots (worn)
 M - the +4 scale mail of Minor Irritation (worn) {rF+ Dex+2}
   (You bought it in a shop on level 10 of the Dungeon)

   Dex+2:     It affects your dexterity (+2).
   rF+:       It protects you from fire.
Jewellery
 a - a +4 ring of slaying (right hand)
 F - a +6 ring of intelligence
 J - an amulet of guardian spirit (around neck)
 L - an amulet of regeneration
 O - the ring "Fantiash" {rElec Int+6}
   (You found it in a Gauntlet)

   [ring of intelligence]

   Int+6:     It affects your intelligence (+6).
   rElec:     It insulates you from electricity.
 P - the ring of the Tortoise (left hand) {AC+8}
   (You found it in a Gauntlet)

   [ring of protection]

   AC+8:      It affects your AC (+8).
Wands
 o - a wand of roots (17)
Scrolls
 b - 4 scrolls of butterflies
 d - 2 scrolls of torment {unknown}
 e - a scroll of silence {unknown}
 h - 2 scrolls of poison {unknown}
 i - 6 scrolls of identify {unknown}
 j - 3 scrolls of teleportation {unknown}
 k - 3 scrolls of noise {unknown}
 m - 4 scrolls of blinking {unknown}
 p - a scroll of vulnerability {unknown}
 u - a scroll of revelation {unknown}
 v - 2 scrolls of enchant weapon {unknown}
 y - 2 scrolls of fear {unknown}
 A - a scroll of immolation {unknown}
 C - a scroll of fog {unknown}
 D - a scroll of brand weapon {unknown}
 E - 2 scrolls of amnesia {unknown}
 Q - a scroll of enchant armour {unknown}
Potions
 c - 2 potions of cancellation {unknown}
 f - 5 potions of curing {unknown}
 g - 2 potions of degeneration {unknown}
 l - 3 potions of attraction {unknown}
 q - 3 potions of mutation
 r - 2 potions of heal wounds {unknown}
 s - a potion of invisibility {unknown}
 t - 2 potions of might {unknown}
 z - a potion of resistance {unknown}
 H - a potion of brilliance {unknown}


   Skills:
 - Level 9.2 Fighting
 - Level 12.4 Ranged Weapons
 * Level 8.4 Armour
 - Level 10.1 Dodging
 - Level 0.7 Stealth
 - Level 9.0 Invocations


You had 10 spell levels left.
You didn't know any spells.
Your spell library contained the following spells:

 Spells                   Type           Power      Damage    Failure   Level
 Apportation              Tloc           0%         N/A       83%         1
 Ensorcelled Hibernation  Hex/Ice        0%         N/A       92%         2
 Jinxbite                 Hex            0%         N/A       92%         2
 Lesser Beckoning         Tloc           0%         N/A       92%         2
 Passwall                 Tmut/Erth      0%         N/A       92%         2
 Wereblood                Tmut           0%         N/A       92%         2
 Gell's Gravitas          Tloc           0%         N/A       99%         3
 Swiftness                Air            0%         N/A       99%         3
 Teleport Other           Tloc           0%         N/A       99%         3
 Petrify                  Tmut/Erth      0%         N/A       100%        4
 Alistair's Intoxication  Tmut/Pois      0%         N/A       100%        5
 Irradiate                Conj/Tmut      0%         3d11      100%        5
 Eringya's Noxious Bog    Tmut/Pois      0%         4d6       100%        6


Dungeon Overview and Level Annotations

Branches:
Dungeon (11/15)            Temple (0/1) D:5            Lair (0/5) D:10
Gauntlet (1/1)
    Orc: D:9-12

Altars:
Ashenzari
Elyvilon
Gozag
Hepliaklqana
Kikubaaqudgha
Nemelex Xobeh
Okawaru
Ru
Trog

Shops:
D:10 [

Annotations:
D:5 3 runed translucent doors, Dirtsage's ghost, novice OpSh
D:6 3 runed translucent doors, Graknight's ghost, novice AtBe Gauntlet 6 transporters


Innate Abilities, Weirdness & Mutations

Your life essence is reduced to manifest your ancestor. (-10% HP)
You have a pair of horns on your head.
You reflexively headbutt those who attack you in melee.


Message History

Aiming: Fastroot
Press: ? - help, Shift-Dir - straight line, f/p - minotaur
Aim: a minotaur, wielding a +3 hand axe of freezing, wearing a +0 chain mail, wearing a +4 ring of protection and quivering javelins (moderately wounded, lightly drained)
The roots erupt in riotous growth!
Roots grab the minotaur.
The grasping roots constrict the minotaur, but do no damage.
The minotaur misses you.
The minotaur gores you but does no damage.
Unknown command.
You shoot a sling bullet.
The sling bullet hits the minotaur but does no damage.
The minotaur is moderately wounded.
The grasping roots constrict the minotaur, but do no damage.
The roots release their grip on the minotaur.
The minotaur closely misses you.
The minotaur gores you but does no damage.
Aiming: Fastroot
Press: ? - help, Shift-Dir - straight line, f/p - minotaur
Aim: a minotaur, wielding a +3 hand axe of freezing, wearing a +0 chain mail, wearing a +4 ring of protection and quivering javelins (moderately wounded, lightly drained)
The roots erupt in riotous growth!
Roots grab the minotaur.
The grasping roots constrict the minotaur.
The minotaur misses you. You furiously retaliate!
You headbutt the minotaur.
The minotaur gores you but does no damage.
Unknown command.
You shoot a sling bullet. The sling bullet hits the minotaur.
The sling bullet burns the minotaur.
The minotaur is heavily wounded.
The grasping roots constrict the minotaur.
The minotaur hits you but does no damage.
The minotaur gores you.
You shoot a sling bullet. The sling bullet hits the minotaur.
The sling bullet burns the minotaur.
The minotaur is severely wounded.
The grasping roots constrict the minotaur.
The roots release their grip on the minotaur.
The minotaur hits you with a +3 hand axe of freezing!!
* * * LOW HITPOINT WARNING * * *
The minotaur freezes you!
You die...

### ≈≈≈ ≈H ..
###. ...
######'#######
.......H@....#
.###.###.###.#
#.###.###.###.#
#.............#
###.###.###.###
###.###.###.#####
§..............≈#
##
.8.8..©.©..8.8.8#
### 8#
..............§≈#
#8#


You could see a minotaur (drained).

Vanquished Creatures
  Erica (D:8)
  A two-headed ogre (D:9)
  4 sixfirhies (Gauntlet)
  Joseph (D:8)
  A rime drake (D:10)
  Psyche (D:8)
  2 trolls
  A tyrant leech (Gauntlet)
  2 hornets (D:9)
  Prince Ribbit (D:7)
  Sigmund (D:2)
  8 yaks (D:7)
  Menkaure (D:5)
  2 swamp worms (Gauntlet)
  An acid dragon (D:10)
  2 water moccasins
  4 orc warriors
  2 black bears
  8 ice beasts
  A sky beast (D:6)
  A wolf (D:10)
  2 centaurs (D:9)
  An ogre (D:6)
  A lemure (D:8)
  2 kobold brigands
  4 scorpions
  2 bullfrogs (D:9)
  18 wights
  10 killer bees
  2 howler monkeys (D:5)
  2 gnoll boudas
  2 jellies
  2 hounds
  6 orc priests
  Crazy Yiuf (D:2)
  3 iguanas (D:7)
  Terence (D:2)
  Jessica (D:2)
  A hexer (Gauntlet)
  9 orc wizards
  3 hound zombies (D:4)
  Robin (D:3)
  10 gnolls
  11 adders
  A shadow imp (D:6)
  2 white imps
  6 ufetubi
  2 adder skeletons (D:4)
  3 dart slugs
  27 orcs
  4 endoplasms
  5 giant cockroaches
  13 goblins
  8 hobgoblins
  6 jackals
  3 quokkas
  13 ball pythons
  6 bats
  4 frilled lizards
  19 kobolds
  4 rats (D:1)
267 creatures vanquished.

Vanquished Creatures (collateral kills)
  A two-headed ogre (D:9)
  Pikel (D:8)
  Jeremiah (D:9)
  A wyvern (D:9)
  2 acid dragons (D:9)
  An orc warrior (D:9)
  An ice beast (D:10)
  A sky beast (D:8)
  2 wolves (D:10)
  A lemure (D:8)
  A scorpion (D:6)
  3 wights (D:9)
  3 killer bees
  2 orc wizards
  A gnoll (D:9)
  An orc (D:9)
23 creatures vanquished.

Vanquished Creatures (others)
  An acid dragon (D:11)
  4 hexers
  5 ancestors
10 creatures vanquished.

Grand Total: 300 creatures vanquished

Notes
Turn   | Place    | Note
-------+----------+-------------------------------------------
     0 | D:1      | gruber the Minotaur Hunter began the quest for the Orb.
     0 | D:1      | Reached XP level 1. HP: 18/18 MP: 0/0
   142 | D:1      | Reached XP level 2. HP: 23/25 MP: 1/1
   154 | D:1      | Reached skill level 5 in Ranged Weapons
   729 | D:2      | Reached XP level 3. HP: 30/30 MP: 2/2
   945 | D:2      | Found a bloodstained altar of Trog.
   948 | D:2      | Noticed Terence
   958 | D:2      | Killed Terence
   959 | D:2      | Reached skill level 6 in Ranged Weapons
   959 | D:2      | Reached XP level 4. HP: 32/37 MP: 3/3
  1136 | D:2      | Noticed Jessica
  1144 | D:2      | Killed Jessica
  1179 | D:2      | Noticed Sigmund
  1199 | D:2      | Killed Sigmund
  1200 | D:2      | Reached skill level 8 in Ranged Weapons
  1200 | D:2      | Reached XP level 5. HP: 9/42 MP: 0/4
  1200 | D:2      | Reached XP level 6. HP: 10/50 MP: 0/5
  1569 | D:2      | Found a runed translucent door.
  1570 | D:2      | Noticed Crazy Yiuf
  1763 | D:2      | Killed Crazy Yiuf
  2110 | D:3      | Found a white marble altar of Elyvilon.
  2218 | D:3      | Identified the +1 helmet "Liss" {Harm rN+ Str-4}
  2218 | D:3      | Noticed Robin
  2230 | D:3      | Killed Robin
  2876 | D:3      | Found a faded altar of an unknown god.
  3065 | D:4      | Reached skill level 9 in Ranged Weapons
  3067 | D:4      | Identified the +3 leather armour of the Desolation of Salt
                  | {+Blink Int-2 Dex+9 Slay-5}
  3112 | D:4      | You fall into a shaft and drop 2 floors!
  3442 | D:5      | Entered Level 5 of the Dungeon
  3442 | D:5      | Noticed an orc warrior
  3453 | D:6      | Found a runed translucent gate.
  3453 | D:6      | Found a runed translucent gate.
  3453 | D:6      | Found a runed translucent gate.
  3460 | D:6      | Found a hazy altar of Hepliaklqana.
  3473 | D:6      | Reached XP level 7. HP: 30/56 MP: 6/6
  3699 | D:6      | Became a worshipper of Hepliaklqana the Forgotten
  3918 | D:4      | Reached skill level 10 in Ranged Weapons
  3990 | D:4      | Identified the +3 sling of the Little People {flame, rC-
                  | Will+ Stlth+}
  4198 | D:4      | Reached skill level 11 in Ranged Weapons
  4468 | D:5      | Reached XP level 8. HP: 62/62 MP: 7/7
  4641 | D:5      | Reached * piety under Hepliaklqana
  4692 | D:5      | Found a runed translucent gate.
  4692 | D:5      | Found a runed translucent gate.
  4692 | D:5      | Found a runed translucent gate.
  4694 | D:5      | Noticed Menkaure
  4700 | D:5      | Killed Menkaure
  4737 | D:5      | Found a staircase to the Ecumenical Temple.
  4750 | D:5      | Found a sacrificial altar of Ru.
  4751 | D:5      | Found a sparkling altar of Nemelex Xobeh.
  4755 | D:5      | Found an iron altar of Okawaru.
  4866 | D:5      | Reached skill level 12 in Ranged Weapons
  5449 | D:5      | Noticed Dirtsage's ghost (novice OpSh)
  5549 | D:6      | Reached skill level 5 in Fighting
  5805 | D:6      | Found an opulent altar of Gozag.
  5806 | D:6      | Noticed a troll
  5806 | D:6      | Noticed Graknight's ghost (novice AtBe)
  5807 | D:6      | Noticed a boulder beetle
  5869 | D:7      | Reached XP level 9. HP: 71/71 MP: 8/8
  6091 | D:7      | Reached skill level 1 in Invocations
  6343 | D:7      | Reached skill level 5 in Invocations
  6404 | D:7      | Noticed Prince Ribbit
  6417 | D:7      | Killed Prince Ribbit
  6830 | D:8      | Reached XP level 10. HP: 54/79 MP: 13/13
  7062 | D:8      | Noticed Erica
  7062 | D:8      | Noticed Psyche
  7071 | D:8      | Killed Erica
  7081 | D:8      | Killed Psyche
  7234 | D:8      | Noticed Joseph
  7248 | D:8      | Killed Joseph
  7675 | D:8      | Reached ** piety under Hepliaklqana
  7676 | D:8      | Remembered your ancestor Amenemopet as a hexer
  7769 | D:8      | Noticed Pikel
  7778 | D:8      | Killed Pikel
  8031 | D:9      | Found a broken altar of Ashenzari.
  8086 | D:9      | Reached skill level 5 in Dodging
  8153 | D:9      | Noticed a two-headed ogre
  8167 | D:9      | Killed a two-headed ogre
  8214 | D:9      | Reached XP level 11. HP: 73/87 MP: 12/16
  8420 | D:9      | Noticed a two-headed ogre
  8430 | D:9      | Killed a two-headed ogre
  8481 | D:9      | Noticed Jeremiah
  8499 | D:9      | Killed Jeremiah
  8773 | D:9      | Identified the +3 flail "Coidarus" {flame, Will+}
  8961 | D:9      | Found an ancient bone altar of Kikubaaqudgha.
  8995 | D:10     | Entered Level 10 of the Dungeon
  9046 | D:10     | Reached skill level 10 in Dodging
  9134 | D:10     | Found Esuidinn's Antique Armour Shop.
  9198 | D:10     | Bought a slimy leather armour for 154 gold pieces
  9198 | D:10     | Identified the +3 leather armour "Ybuinwuh" {rC- Str+4}
                  | (You bought it in a shop on level 10 of the Dungeon)
  9198 | D:10     | Bought a shimmering scale mail for 198 gold pieces
  9198 | D:10     | Identified the +4 scale mail of Minor Irritation {rF+
                  | Dex+2} (You bought it in a shop on level 10 of the Dungeon)
  9221 | D:10     | Reached skill level 1 in Armour
  9328 | D:10     | Got Gualara's Almanac of the Shapeshifter
  9349 | D:10     | Found a staircase to the Lair.
  9530 | D:10     | Reached *** piety under Hepliaklqana
  9979 | D:11     | Found a gate leading to a gauntlet.
  9988 | Gauntlet | Entered a Gauntlet
  9988 | Gauntlet | Noticed a sixfirhy
  9988 | Gauntlet | Found a transporter.
  9988 | Gauntlet | Found a transporter.
  9989 | Gauntlet | Found a transporter.
  9992 | Gauntlet | Found a transporter.
  9992 | Gauntlet | Found a transporter.
 10004 | Gauntlet | Found a transporter.
 10006 | Gauntlet | Found a transporter.
 10008 | Gauntlet | Noticed a sixfirhy
 10011 | Gauntlet | Noticed a sixfirhy
 10012 | Gauntlet | Noticed a sixfirhy
 10014 | Gauntlet | Noticed a blizzard demon
 10014 | Gauntlet | Noticed a cacodemon
 10016 | Gauntlet | Found a transporter.
 10016 | Gauntlet | Found the brooch of Shielding {Spirit SH+8}
 10019 | Gauntlet | Found the ring of the Tortoise {AC+8}
 10059 | Gauntlet | Found a transporter.
 10121 | Gauntlet | Found a transporter.
 10122 | Gauntlet | Found a transporter.
 10131 | Gauntlet | Found a transporter.
 10210 | Gauntlet | Killed a sixfirhy
 10211 | Gauntlet | Reached skill level 5 in Armour
 10467 | Gauntlet | Identified the ring "Fantiash" {rElec Int+6}
 10483 | Gauntlet | Killed a sixfirhy
 10490 | Gauntlet | Killed a sixfirhy
 10497 | Gauntlet | Killed a sixfirhy
 10685 | Gauntlet | Noticed a minotaur
 10704 | Gauntlet | Slain by a minotaur

Illustrated notes

Levels and vault maps discovered:
D:1:      dpeg_arrival_leaves_temple_mockup, layout_loops_ring
D:2:      cheibrodos_pilgrimage, layout_rooms, basic_altar, serial_forest,
          infiniplex_forest_corner_1, infiniplex_forest_fountain,
          infiniplex_forest_clump_medium, infiniplex_forest_end_2,
          infiniplex_forest_clump_diagonal, infiniplex_forest_join,
          infiniplex_forest_straight_2, infiniplex_forest_clump_double,
          infiniplex_forest_straight_3, uniq_crazy_yiuf_cottage, uniq_terence,
          uniq_sigmund, uniq_jessica
D:3:      layout_basic, mainiacjoe_overflow_chevrons,
          hellmonk_ecumenical_altar_lost_god, uniq_robin
D:4:      layout_cave_pools, serial_undead, serial_undead_e, serial_undead_b,
          serial_undead_f, serial_undead_f, minmay_circle_x
D:5:      layout_basic, grunt_temple_overflow_open, temple_statues,
          gammafunk_ghost_necromancy, supply_closet_lemuel, uniq_menkaure
D:6:      layout_rooms, nicolae_hepliaklqana_hazy_memory, ebering_ghost_gozag
D:7:      layout_basic, minmay_misc_feat_nine_boxes, uniq_prince_ribbit1
D:8:      layout_basic, nrook_loot_triangle, uniq_joseph, uniq_pikel,
          uniq_erica, uniq_psyche
D:9:      minmay_bubble_buster, layout_basic, general_overflow_altar,
          cheibrodos_ashenzari_chains, kennysheep_dice, uniq_jeremiah
D:10:     layout_basic, hellmonk_lair_entry_icy, serial_shops,
          nicolae_shop_crystal
D:11:     wad_statue_garden, layout_basic, david_orc_2, serial_rivers,
          chequers_serial_rivers_small_b, chequers_serial_rivers_micro_e,
          chequers_serial_rivers_micro_e, chequers_serial_rivers_micro_a,
          chequers_serial_rivers_room_a, gauntlet_entry_generic
Gauntlet: gammafunk_gauntlet_hard_choice [gammafunk_gauntlet_arena_grid,
          gammafunk_gauntlet_arena_spirals, gammafunk_gauntlet_arena_chambers,
          nicolae_gauntlet_swirl, nicolae_gauntlet_arena_t_cross,
          gammafunk_gauntlet_arena_split_diamond, gauntlet_exit_watery]

Skill      XL: |  1  2  3  4  5  6  7  8  9 10 11 |
---------------+----------------------------------+-----
Ranged Weapons | 5 6 8 9 11 12 | 12.4
Fighting       | 7 9 |  9.2
Invocations    | 6 9 |  9.0
Dodging        | 7 10 | 10.1
Armour         | 8 |  8.4
Stealth        | |  0.7

Action                     |  1- 3 |  4- 6 |  7- 9 | 10-12 || total
---------------------------+-------+-------+-------+-------++-------
   Fire: Shortbow          |    96 |   184 |    75 |       ||   355
         Sling             |       |       |   317 |   411 ||   728
 Invoke: Ancestor Life: He |       |       |       |     1 ||     1
  Evoke: Wand              |       |       |       |     3 ||     3
 Armour: Leather armour    |    13 |    71 |    66 |    52 ||   202
         Scale mail        |       |       |       |    47 ||    47
  Dodge: Dodged            |    24 |    53 |    62 |   108 ||   247

Table legend: (Time is in decaauts)
 A = Elapsed time spent in this place.
 B = Non-inter-level travel time spent in this place.
 C = Inter-level travel time spent in this place.
 D = Time resting spent in this place.
 E = Time spent auto-exploring this place.
 F = Levels seen in this place.
 G = Mean time per level.
                   A        B        C        D        E       F      G
               +--------+--------+--------+--------+--------+-----+--------+
         Total |  10623 |  10200 |    423 |    564 |   7976 |  12 |  885.2 |
       Dungeon |   9913 |   9490 |    423 |    562 |   7474 |  11 |  901.2 |
      Gauntlet |    710 |    710 |      0 |      2 |    502 |   1 |  710.0 |
               +--------+--------+--------+--------+--------+-----+--------+

Top non-repeatable levels by time:
     D:2: 1235 daAuts
     D:8: 1206 daAuts
     D:6: 1095 daAuts
     D:3: 1069 daAuts
     D:5: 1010 daAuts
     D:7: 948 daAuts
     D:9: 944 daAuts
     D:1: 738 daAuts
    D:10: 734 daAuts
Gauntlet: 710 daAuts
     D:4: 675 daAuts
    D:11: 256 daAuts
